Map: Ruins of Endion

Players

Miszu - Winner!

  • Race: Terran Terran
  • League: Master

ABomB

  • Race: Protoss Protoss
  • League: Master

VOD

Have the link to the VOD?

Description

Time

  • Played on: May 2, 2016, 4:26 p.m.
  • Length: 12:53
Show
View Real Time Build Order
Export as new Build Order

Miszu Terran - Winner!

Build Orders: Command Center First (CC), MMM Bio 

Get SALT Encoding   

  12  0:00  SCV  
  13  0:12  SCV  
  14  0:17  Supply Depot  
  14  0:24  SCV  
  15  0:39  SCV  
  16  0:51  SCV  
  17  0:59  Command Center  
  17  1:03  SCV  
  18  1:15  SCV  
  18  1:17  Barracks  
  19  1:27  SCV  
  19  1:30  Barracks  
  20  1:39  SCV  
  21  1:43  Barracks  
  21  1:51  SCV  
  22  2:03  Orbital Command  
  22  2:04  Marine  
  23  2:12  Orbital Command  
  23  2:17  Marine  
  23  2:22  Marine  
  25  2:29  SCV  
  26  2:31  Refinery, Marine  
  26  2:34  Refinery, Marine  
  28  2:38  SCV  
  28  2:41  Marine, SCV  
  31  2:48  Supply Depot  
  31  2:49  Marine  
  31  2:50  SCV  
  33  2:53  Marine, SCV  
  35  3:01  Barracks Tech Lab  
  35  3:02  SCV  
  36  3:07  Marine  
  36  3:11  Marine  
  37  3:24  Marine  
  37  3:25  Marine  
  39  3:27  SCV x2  
  39  3:29  Marine  
  39  3:31  Stimpack  
  41  3:34  Supply Depot  
  41  3:35  Supply Depot  
  41  3:40  Factory  
  41  3:42  Marine x2  
  41  3:43  Refinery  
  41  3:44  Engineering Bay  
  41  3:47  Marine  
  44  3:49  SCV  
  44  3:50  SCV  
  46  3:59  Supply Depot, Marine  
  46  4:01  SCV  
  48  4:03  SCV  
  48  4:04  Marine  
  48  4:05  Marine  
  51  4:11  Terran Infantry Weapons Level 1  
  51  4:13  SCV  
  51  4:15  SCV  
  53  4:21  Supply Depot, Marauder  
  55  4:25  SCV  
  55  4:30  Starport, Factory Reactor  
  56  4:34  Missile Turret  
  56  4:38  SCV  
  57  4:39  SCV  
  57  4:43  Missile Turret  
  57  4:44  Barracks Tech Lab  
  58  4:46  Barracks Reactor  
  58  4:50  SCV  
  58  4:51  SCV  
  60  4:53  Marauder  
  62  5:02  SCV  
  62  5:03  SCV  
  64  5:12  Medivac, Factory Reactor  
  64  5:13  Medivac  
  69  5:14  SCV  
  69  5:16  Supply Depot, SCV  
  69  5:17  Supply Depot  
  69  5:21  Supply Depot  
  70  5:36  Command Center  
  70  5:37  SCV x2  
  72  5:44  Marauder  
  72  5:48  Medivac x2  
  72  5:49  Widow Mine x2  
  84  5:50  SCV x2  
  84  6:00  Marine x2  
  88  6:06  Barracks  
  88  6:09  Barracks  
  88  6:10  Refinery  
  88  6:12  Marauder, Combat Shields  
  88  6:13  Concussive Shells  
  88  6:14  SCV  
  88  6:17  Supply Depot  
  89  6:19  Terran Infantry Armor Level 1  
  89  6:24  Medivac  
  91  6:33  Widow Mine  
  91  6:35  Marine  
  91  6:38  Marine x2, Widow Mine  
  91  6:39  Marauder  
  100  6:40  Supply Depot  
  100  6:41  Supply Depot, SCV x2  
  102  6:53  SCV, Orbital Command  
  103  6:54  Barracks Reactor  
  104  7:01  SCV  
  104  7:05  SCV  
  105  7:10  Widow Mine  
  105  7:11  Marauder x2  
  105  7:13  SCV  
  112  7:20  Marine  
  110  7:23  Widow Mine  
  110  7:24  Marine x2, Medivac x2  
  117  7:32  Marauder, Orbital Command  
  117  7:33  Marauder  
  117  7:34  Supply Depot  
  117  7:35  Supply Depot  
  121  7:39  Widow Mine  
  121  7:41  Marine x2  
  120  7:53  Marauder  
  120  7:54  Marauder  
  123  8:04  Barracks Tech Lab  
  123  8:05  Marine x2  
  125  8:07  Engineering Bay  
  125  8:09  SCV x3  
  125  8:12  Armory  
  128  8:13  Marine  
  128  8:14  Widow Mine x2  
  128  8:15  Marauder  
  128  8:16  Marauder  
  137  8:20  Marine  
  137  8:23  Marine  
  137  8:24  Supply Depot  
  137  8:26  Supply Depot  
  137  8:30  Supply Depot  
  137  8:33  Marauder  
  139  8:36  Marauder  
  139  8:37  Medivac x2, Marauder  
  147  8:43  Barracks  
  147  8:44  Barracks  
  147  8:45  Barracks  
  147  8:54  Marine, Marauder  
  147  8:59  Marauder  
  147  9:00  Marine x3, Marauder  
  149  9:09  Widow Mine  
  149  9:11  Marine  
  149  9:13  Medivac x2  
  149  9:15  Marine  
  151  9:17  Terran Infantry Armor Level 2, Terran Infantry Weapons Level 2  
  151  9:18  Marine  
  151  9:21  Refinery, Marauder  
  151  9:22  Supply Depot x2, Refinery  
  154  9:32  Marauder, Liberator  
  154  9:37  Liberator  
  156  9:42  Marauder  
  156  9:43  Barracks Tech Lab x3  
  156  9:45  Starport  
  164  10:10  Marine, Fusion Core  
  164  10:11  Marine  
  166  10:15  Liberator  
  166  10:21  Marine  
  167  10:22  Marauder x3  
  166  10:34  Marauder  
  167  10:37  Marine  
  167  10:38  Marauder  
  146  10:51  Marine x3, Marauder  
  146  10:52  Marine x3  
  146  10:55  Marine, Marauder  
  139  10:59  Marauder  
  139  11:02  Liberator  
  139  11:03  Liberator  
  141  11:06  Starport Tech Lab  
  141  11:09  Marine x4  
  141  11:10  Marauder x2  
  145  11:12  Marine  
  145  11:13  Marine, Liberator  
  145  11:16  Marine  
  145  11:17  SCV x3  
  138  11:20  Marine  
  145  11:27  Marine x3  
  145  11:29  SCV x2  
  145  11:31  Advanced Ballistics  
  153  11:45  Liberator x2  
  153  11:51  Marauder  
  155  11:54  Supply Depot x2  
  155  11:56  Marauder  
  155  12:02  Marine, Marauder  
  155  12:04  Marauder  
Show
View Real Time Build Order
Export as new Build Order

ABomB Protoss 

Build Orders: 1 Gate Expand, Oracle Opening 

Get SALT Encoding   

  12  0:01  Probe (Chrono Boost)  
  13  0:11  Probe (Chrono Boost)  
  14  0:19  Pylon  
  14  0:23  Probe (Chrono Boost)  
  15  0:37  Gateway, Probe (Chrono Boost)  
  16  0:43  Assimilator  
  16  0:48  Probe (Chrono Boost)  
  17  0:58  Probe (Chrono Boost)  
  18  1:09  Probe (Chrono Boost)  
  19  1:20  Nexus  
  19  1:23  Probe (Chrono Boost)  
  20  1:32  Cybernetics Core  
  20  1:36  Probe (Chrono Boost)  
  21  1:40  Assimilator  
  21  1:46  Probe (Chrono Boost)  
  22  1:51  Pylon  
  22  1:59  Probe (Chrono Boost)  
  23  2:10  Mothership Core (Chrono Boost)  
  23  2:12  Adept  
  27  2:28  Probe (Chrono Boost)  
  28  2:35  Stargate  
  28  2:36  Probe (Chrono Boost)  
  29  2:39  Probe (Chrono Boost)  
  30  2:45  Stalker  
  30  2:47  Probe (Chrono Boost)  
  30  2:50  Probe (Chrono Boost)  
  34  2:55  Pylon  
  34  2:57  Probe (Chrono Boost)  
  35  2:59  Warp Gate  
  35  3:00  Probe (Chrono Boost)  
  36  3:08  Probe (Chrono Boost)  
  36  3:11  Probe (Chrono Boost)  
  38  3:19  Probe (Chrono Boost)  
  39  3:21  Probe (Chrono Boost)  
  38  3:27  Oracle  
  38  3:29  Probe (Chrono Boost)  
  38  3:32  Probe (Chrono Boost)  
  38  3:33  Gateway  
  43  3:34  Gateway  
  43  3:37  Stalker  
  43  3:40  Probe (Chrono Boost)  
  46  3:42  Probe (Chrono Boost)  
  47  3:53  Probe x2 (Chrono Boost)  
  49  4:01  Nexus  
  49  4:03  Probe x2 (Chrono Boost)  
  51  4:14  Probe x2 (Chrono Boost)  
  51  4:15  Assimilator  
  53  4:17  Pylon  
  53  4:21  Assimilator  
  53  4:24  Probe (Chrono Boost)  
  54  4:35  Pylon  
  54  4:36  Forge, Twilight Council, Probe x2 (Chrono Boost)  
  56  4:39  Pylon  
  56  4:46  Probe x2 (Chrono Boost)  
  58  4:57  Probe x2 (Chrono Boost)  
  60  5:06  Protoss Ground Weapons Level 1  
  60  5:07  Probe x2 (Chrono Boost)  
  60  5:08  Stalker x3  
  68  5:16  Probe (Chrono Boost)  
  68  5:17  Pylon  
  68  5:18  Probe x2 (Chrono Boost)  
  68  5:21  Blink (Chrono Boost)  
  71  5:22  Pylon  
  71  5:26  Probe  
  72  5:29  Pylon, Probe x2  
  74  5:36  Stalker x2  
  74  5:37  Pylon, Probe  
  74  5:39  Stalker  
  81  5:44  Probe x2  
  81  5:47  Probe  
  84  5:56  Probe x2  
  86  6:00  Stalker x2  
  86  6:03  Gateway  
  90  6:05  Gateway  
  90  6:06  Gateway  
  90  6:09  Gateway  
  90  6:16  Robotics Facility  
  90  6:17  Assimilator  
  90  6:18  Assimilator  
  90  6:21  Stalker  
  90  6:24  Pylon  
  92  6:27  Forge  
  92  6:30  Sentry x2  
  96  6:40  Gateway  
  96  6:44  Pylon, Stalker  
  96  6:45  Probe  
  96  6:46  Probe x2  
  101  7:02  Photon Cannon  
  101  7:03  Protoss Ground Armor Level 1  
  101  7:12  Adept x3  
  105  7:17  Adept x4  
  93  7:32  Adept x3  
  99  7:38  Adept x2  
  97  7:46  Adept x2  
  97  7:47  Pylon  
  97  7:48  Pylon  
  97  7:55  Observer  
  96  8:00  Adept x5  
  96  8:01  Adept, Resonating Glaives (Chrono Boost)  
  96  8:03  Probe  
  96  8:04  Probe  
  96  8:05  Probe  
  111  8:06  Protoss Ground Weapons Level 2  
  111  8:14  Probe  
  111  8:17  Probe x2  
  113  8:23  Adept, Sentry, Stalker  
  113  8:24  Adept x5  
  129  8:31  Warp Prism (Chrono Boost)  
  131  8:35  Robotics Bay  
  131  8:38  Robotics Facility  
  131  8:43  Photon Cannon  
  122  8:59  Adept, Probe  
  122  9:00  Adept x3, Pylon, Probe x2  
  115  9:05  Pylon  
  115  9:12  Protoss Ground Armor Level 2, Probe  
  115  9:13  Probe  
  115  9:14  Adept x2  
  121  9:19  Adept x2  
  121  9:23  Probe  
  125  9:25  Probe x2  
  125  9:28  Gravitic Drive (Chrono Boost)  
  128  9:32  Disruptor (Chrono Boost)  
  131  9:52  Adept x3  
  137  9:56  Pylon  
  137  9:59  Pylon  
  137  10:00  Probe x2  
  137  10:02  Colossus (Chrono Boost)  
  137  10:03  Colossus (Chrono Boost)  
  151  10:09  Probe  
  151  10:12  Probe  
  153  10:24  Templar Archives  
  153  10:28  Adept x5  
  152  10:29  Adept  
  152  10:34  Adept x2  
  146  10:48  Adept x3  
  146  10:49  Adept x3, Probe  
  143  10:53  Adept  
  120  10:59  Probe x2  
  120  11:02  Probe  
  118  11:05  Adept x2  
  118  11:13  Probe x2  
  110  11:24  Sentry  
  110  11:25  Sentry x6  
  114  11:28  Colossus  
  124  11:40  Stalker  
  126  11:48  Stalker x3  
  126  11:53  Stalker  
  126  11:54  Stalker  
  134  12:01  Stalker  
  136  12:13  Adept x3  
  126  12:29  Adept x3  
Tags
 
Add a new tag
Caveats
  • Supply blocks, unpowered buildings, or Contaminate may cause inaccurate times.
  • Supply counts are checked every 10 seconds.